 Dungeon Crawl Stone Soup version 0.25-a0-544-gee0576305d (webtiles) character file.

Game seed: 7125205808546838701, levelgen mode: deterministic

30 Lugonue the Scratcher (level 3, -5/15 HPs)
             Began as a Felid Transmuter on Feb 20, 2020.
             Splashed by a jelly's acid (10 damage)
             ... on level 2 of the Dungeon.
             The game lasted 00:02:43 (1250 turns).

Lugonue the Scratcher (Felid Transmuter)            Turns: 1250, Time: 00:02:55

Health: -5/15      AC: -7    Str:  7    XL:     3   Next: 5%
Magic:  4/7        EV: 18    Int: 14    God:
Gold:   82         SH:  0    Dex: 16    Spells: 3/6 levels left
                                        Lives:  0   Deaths: 0

rFire    . . .     SeeInvis +     - Unarmed
rCold    . . .     Gourm    .   (shield unavailable)
rNeg     . . .     Faith    .   (armour unavailable)
rPois    .         Spirit   .   (helmet unavailable)
rElec    .         Reflect  .   (cloak unavailable)
rCorr    .         Harm     .   (gloves unavailable)
MR       .....                  (boots unavailable)
Stlth    ++........             (no amulet)
HPRegen  0.05/turn              (no ring)
MPRegen  0.10/turn              (no ring)

@: corroded, quick
A: very small, no armour, no weapons or thrown items, stealth, claws 1, fangs 3,
see invisible, carnivore, speed 1, shaggy fur 1, slow metabolism 1, sharp paws
a: no special abilities


You were on level 2 of the Dungeon.
You were not hungry.

You visited 1 branch of the dungeon, and saw 2 of its levels.

You collected 82 gold pieces.

Inventory:

Missiles
 a - 43 arrows
Scrolls
 b - a scroll of identify {unknown}
 g - 2 scrolls of amnesia {unknown}
Potions
 d - a potion of stabbing {unknown}
 e - a potion of ambrosia {unknown}
 f - 2 potions of heal wounds {unknown}
Comestibles
 c - 3 rations


   Skills:
 * Level 1.2 Fighting
 + Level 2.8 Dodging
 + Level 1.2 Stealth
 + Level 3.5 Unarmed Combat
 * Level 2.2 Spellcasting
 + Level 2.5 Transmutations


You had 3 spell levels left.
You knew the following spells:

 Your Spells              Type           Power        Failure   Level  Hunger
a - Beastly Appendage     Tmut           #.....       9%          1    #......
b - Sticks to Snakes      Tmut           #.......     12%         2    ###....

Your spell library contained the following spells:

 Spells                   Type           Power        Failure   Level  Hunger
 Spider Form              Tmut/Pois      #.........   38%         3    ###....
 Ice Form                 Ice/Tmut       #.......     80%         4    #####..
 Blade Hands              Tmut           #.........   92%         5    ######.


Dungeon Overview and Level Annotations

Branches:
Dungeon (2/15)

Altars:


Innate Abilities, Weirdness & Mutations

You cannot wear armour.
You are incapable of wielding weapons or throwing items.
Your paws allow you to move quietly. (Stealth)
You have sharp claws.
You have razor-sharp teeth.
You have supernaturally acute eyesight. (SInv)
You are carnivorous and can eat meat at any time.
You cover ground quickly.
You are covered in fur. (AC +1)
You have a slow metabolism.
Your sharp claws are effective at attacking unaware monsters.


Message History

No target in view!
You now have 69 gold pieces (gained 3).
You now have 82 gold pieces (gained 13).
c - 3 rations (gained 1)
A jelly comes into view.
A jelly is nearby!
The jelly quivers.
You scratch the jelly. The acid corrodes you!
Your paws burn!
The jelly is lightly wounded.
The jelly closely misses you.
Casting: Sticks to Snakes (safe; 12% risk of failure)
Confirm with . or Enter, or press ? or * to list all spells.
You create a snake!
You now have 43 arrows.
The jelly completely misses you.
You claw the jelly!
Your paws burn!
The jelly is heavily wounded.
Your ball python bites the jelly.
Your ball python is burned by acid!
Your ball python withers and dies!
The jelly hits you. The acid corrodes you!
You are splashed with acid!
Ouch! That really hurt!
You die...

. #.###.#####...#.###.#
#. #...................#
.....##.....######.###.#
.# #.....##.....# #.#
####..##.##### #.#####
#..##.# #.....####
#..##.# #.........
#####..##.### #.###.####
..........@..# #.# #.# #
........##J#.# #.# #.# #
#######.##.#.# #.# #.# #
#.##.#.# #.# #.## #
#.......#.# #.# #..# #
####.####.# #># ##.# #
#.# #.# #.# #.# # #.#
#.# #.# # #####.####.#
#.####.###


You could see a jelly.

Vanquished Creatures
  An adder (D:2)
  A dart slug (D:1)
  A goblin (D:1)
  5 hobgoblins
  A jackal (D:2)
  A ball python (D:2)
  2 bats (D:1)
  3 frilled lizards
  3 kobolds (D:1)
  3 rats
21 creatures vanquished.

Vanquished Creatures (collateral kills)
  A jackal (D:2)
1 creature vanquished.

Grand Total: 22 creatures vanquished

Notes
Turn   | Place    | Note
-------+----------+-------------------------------------------
     0 | D:1      | Lugonue the Felid Transmuter began the quest for the Orb.
     0 | D:1      | Reached XP level 1. HP: 9/9 MP: 4/4
   223 | D:1      | Reached XP level 2. HP: 12/12 MP: 4/6
   990 | D:1      | Learned a level 2 spell: Sticks to Snakes
  1196 | D:2      | Reached skill level 1 in Stealth
  1201 | D:2      | Reached XP level 3. HP: 12/15 MP: 2/7
  1250 | D:2      | Splashed by a jelly's acid

Levels and vault maps discovered:
D:1:      minmay_arrival_nine_rooms, layout_basic
D:2:      layout_loops_ring, first_ration

Skill      XL: |  1  2 |
---------------+-------+-----
Stealth        | 1 |  1.2
Fighting       | |  1.2
Dodging        | |  2.8
Unarmed Combat | |  3.5
Spellcasting   | |  2.2
Transmutations | |  2.5

Action                   || total
-------------------------++-------
Melee: Unarmed           ||    63
       Bite              ||     5
       Punch             ||     1
       Headbutt          ||     5
 Cast: Beastly Appendage ||     4
       Sticks to Snakes  ||     2
 Stab: Sleeping          ||     5
Armor: Skin              ||     1
Dodge: Dodged            ||    41

Table legend:
 A = Non-vault XP
 B = Vault XP
 C = Vault XP percentage of total XP
 D = Non-vault monster count
 E = Vault monster count
 F = Vault count percentage of total count
                 A         B        C        D         E       F
            +---------+---------+-------+---------+---------+-------
      Total |      44 |       0 |   0.0 |      22 |       0 |   0.0
            +---------+---------+-------+---------+---------+-------
        D:1 |      24 |       0 |   0.0 |      15 |       0 |   0.0
        D:2 |      20 |       0 |   0.0 |       7 |       0 |   0.0
            +---------+---------+-------+---------+---------+-------
